 Dungeon Crawl Stone Soup version 0.24.0-1-gfbc8707122 (webtiles) character file.

Game seed: 18123346119152876455, levelgen mode: deterministic

179 iamserjio the Ducker (level 5, -4/33 HPs)
             Began as an Octopode Chaos Knight on Oct 28, 2019.
             Was a Plaything of Xom.
             Killed by divine providence
             ... invoked by an orc priest
              (16 damage)
             ... on level 3 of the Dungeon.
             The game lasted 00:03:21 (2914 turns).

iamserjio the Ducker (Octopode Chaos Knight)        Turns: 2914, Time: 00:03:22

Health: -4/33      AC:  1    Str: 11    XL:     5   Next: 59%
Magic:  5/5        EV: 15    Int: 10    God:    Xom [*.....]
Gold:   159        SH:  0    Dex: 13    Spells: 4/4 levels left

rFire    . . .     SeeInvis .   q - +0 spear (flame)
rCold    . . .     Gourm    .   (no shield)
rNeg     . . .     Faith    .   (helmet restricted)
rPois    .         Spirit   .   (no amulet)
rElec    .         Reflect  .   (no ring)
rCorr    .         Harm     .   (no ring)
MR       .....                  (no ring)
Stlth    ++........             (no ring)
HPRegen  0.11/turn              (no ring)
MPRegen  0.09/turn              (no ring)
                                (no ring)
                                (no ring)

@: no status effects
A: almost no armour, stealthy swim, amphibious, 8 rings, constrict 8, camouflage
1, blurry vision 1, dopey 2, frail 1, gelatinous body 1
a: Renounce Religion


You were on level 3 of the Dungeon.
You worshipped Xom.
You were a special plaything of Xom.
You were not hungry.

You visited 1 branch of the dungeon, and saw 3 of its levels.

You collected 159 gold pieces.

Inventory:

Hand Weapons
 a - a +0 short sword of chaos
 q - a +0 spear of flaming (weapon)
 r - a +0 flail
Missiles
 g - 10 boomerangs (quivered)
 k - 61 arrows
 t - 22 poisoned darts
Jewellery
 u - an uncursed amulet of guardian spirit {unknown}
Scrolls
 c - 3 scrolls of identify {unknown}
 d - 3 scrolls of teleportation {unknown}
 h - a scroll of fear {unknown}
 i - 5 scrolls of remove curse {unknown}
 n - a scroll of enchant armour {unknown}
 o - a scroll of fog {unknown}
 p - a scroll of magic mapping {unknown}
 s - a scroll of noise {unknown}
Potions
 e - 2 potions of haste {unknown}
 f - a potion of agility {unknown}
 j - a potion of resistance
 l - a potion of curing {@q1}
Comestibles
 b - 6 rations
 m - 3 chunks of flesh


   Skills:
 + Level 4.2 Fighting
 - Level 3.0 Short Blades
 * Level 4.9 Dodging


You had 4 spell levels left.
You didn't know any spells.
Your spell library was empty.

Dungeon Overview and Level Annotations

Branches:
Dungeon (3/15)

Altars:
Qazlal


Innate Abilities, Weirdness & Mutations

You cannot wear most types of armour.
You are very stealthy in the water. (Stealth+)
You are amphibious.
You can wear up to eight rings at the same time.
You can use your tentacles to constrict eight enemies at once.
Your skin changes colour to match your surroundings (Stealth+).
Your rubbery body absorbs attacks. (AC +1, EV +1)
Scrolls take you a little longer to read.
You are very dopey. (Int -4)
You are frail. (-10% HP)


Message History

The orc priest hits you with a +0 whip.
You hit the orc priest but do no damage.
You squeeze the orc priest!
You constrict the orc priest, but do no damage.
The orc priest looks satisfied for a moment.
You feel better.
You constrict the orc priest. The orc priest misses you.
You hit the orc priest but do no damage.
You squeeze the orc priest, but do no damage.
You constrict the orc priest, but do no damage.
The orc priest misses you.
You hit the orc priest but do no damage.
You squeeze the orc priest, but do no damage.
You constrict the orc priest, but do no damage.
The orc priest calls down the wrath of Beogh upon you.
Pain shoots through your body!
You barely miss the orc priest.
You constrict the orc priest, but do no damage.
The orc priest invokes the aid of Beogh against you.
Beogh smites you!
You die...

...##..........#.##.##
..##....###....#.##.#
.##....###....รท#.#..#
# #..#.# #.........##
......###.###..#.##
...###.##..###..#.#
.## #.##...##....# #
#......#..#o##
.......#...#@#
.......##..##....#
##..........####.#
#..........# #
#....o.....#
#..........# ##.
...........# ...
#.........#
...###.........#


You could see an orc priest.

Vanquished Creatures
  An orc priest (D:3)
  An orc wizard (D:3)
  5 adders (D:3)
  2 worms (D:2)
  A dart slug (D:1)
  3 leopard geckos
  4 orcs (D:3)
  10 bats
  3 giant cockroaches
  6 goblins
  4 hobgoblins
  11 jackals
  A ball python (D:2)
  2 frilled lizards
  4 kobolds
  2 rats
60 creatures vanquished.

Vanquished Creatures (others)
  A fire vortex (D:1)
1 creature vanquished.

Grand Total: 61 creatures vanquished

Notes
Turn   | Place    | Note
-------+----------+-------------------------------------------
     0 | D:1      | iamserjio the Octopode Chaos Knight began the quest for the
                  | Orb.
     0 | D:1      | Reached XP level 1. HP: 16/16 MP: 1/1
   195 | D:1      | XOM is BORED!
   195 | D:1      | XOM: medium Pois miscast
   241 | D:1      | XOM: give mutations
   241 | D:1      | Gained mutation: You are dopey. (Int -2) [Xom's mischief]
   241 | D:1      | Gained mutation: You are very dopey. (Int -4) [Xom's
                  | mischief]
   241 | D:1      | Gained mutation: Scrolls take you a little longer to read.
                  | [Xom's mischief]
   252 | D:1      | Reached XP level 2. HP: 10/21 MP: 2/2
   254 | D:1      | XOM: enchant monster (bad)
   529 | D:1      | XOM: polymorph hobgoblin -> frilled lizard
   974 | D:1      | XOM: summons 3 hostile shadow creatures
  1054 | D:1      | Reached XP level 3. HP: 24/26 MP: 3/3
  1063 | D:1      | XOM: summons 1 hostile demon
  1310 | D:1      | XOM: mild Fire miscast
  1902 | D:2      | Found a stormy altar of Qazlal.
  2378 | D:3      | Reached XP level 4. HP: 32/32 MP: 4/4
  2423 | D:3      | XOM: 1-stop teleportation journey
  2540 | D:3      | Reached XP level 5. HP: 15/37 MP: 5/5
  2610 | D:3      | XOM: give mutation
  2610 | D:3      | Gained mutation: You are frail. (-10% HP) [Xom's mischief]
  2896 | D:3      | XOM: polymorph hobgoblin -> adder
  2907 | D:3      | XOM: enchant monster (bad)
  2914 | D:3      | Killed from afar by an orc priest

Levels and vault maps discovered:
D:1:      lemuel_arrival_muddy, layout_basic
D:2:      layout_basic, nicolae_overflow_crystal_walls
D:3:      layout_rooms, chequers_serial_rivers_micro_c

Skill      XL: |  1  2  3  4 |
---------------+-------------+-----
Dodging        | 3 4 |  4.9
Fighting       | 4 |  4.2
Short Blades   | |  3.0

Action                   |  1- 3 |  4- 6 || total
-------------------------+-------+-------++-------
Melee: Short sword       |   113 |     1 ||   114
       Constrict         |    28 |    16 ||    44
       Tentacles         |    19 |    15 ||    34
       Spear             |       |    64 ||    64
  Use: Potion            |       |     3 ||     3
 Stab: Sleeping          |     7 |     2 ||     9
  Eat: Chunk             |     5 |     1 ||     6
Armor: Skin              |    14 |    11 ||    25
Dodge: Dodged            |    89 |    40 ||   129
